 Dungeon Crawl Stone Soup version 0.16.1-5-gaa23807 (webtiles) character file.

86 esc the Skirmisher (level 4, 0/27 HPs)
             Began as a Gargoyle Wanderer on Mar 29, 2015.
             Was an Initiate of Fedhas.
             Slain by a gnoll
             ... wielding a +0 spear
              (2 damage)
             ... on level 3 of the Dungeon.
             The game lasted 00:11:30 (2924 turns).

esc the Skirmisher (Gargoyle Wanderer)              Turns: 2924, Time: 00:11:30

Health: 0/27       AC:  5    Str: 17    XL:     4   Next: 49%
Magic:  8/8        EV: 12    Int: 12    God:    Fedhas [......]
Gold:   115        SH:  0    Dex:  9    Spells: 2 memorised, 4 levels left

rFire  . . .     SeeInvis .     m - +0 whip
rCold  . . .     Clarity  .     d - +0 robe
rNeg   + . .     SustAb   .     (no shield)
rPois  ∞         Gourm    .     (no helmet)
rElec  +         Spirit   .     (no cloak)
rCorr  .         Warding  .     (no gloves)
rMut   .         Rnd*Tele +     (no boots)
MR     .....                    (no amulet)
Stlth  +.........               (no ring)
                                k - ring of teleportation

@: very slightly contaminated, not resistant to hostile enchantments, very
unstealthy
A: negative energy resistance 1, electricity resistance, unbreathing,
petrification resistance, rot immunity, AC +3
a: Renounce Religion, Evoke Teleportation


You were on level 3 of the Dungeon.
You worshipped Fedhas.
Fedhas was noncommittal.
You were very hungry.

You visited 1 branch of the dungeon, and saw 3 of its levels.

You collected 115 gold pieces.

Inventory:

Hand weapons
 m - a +0 whip (weapon)
Missiles
 g - 84 stones (quivered)
Armour
 d - a +0 robe (worn)
Jewellery
 k - a ring of teleportation (left hand)
Scrolls
 i - 3 scrolls of recharging
 o - a scroll of remove curse
 q - a scroll of noise
Books
 a - a book of Geomancy

   Spells                             Type                      Level
   a - Sandblast                      Earth                        1
   b - Stoneskin                      Transmutation/Earth          2
   c - Passwall                       Transmutation/Earth          3
   d - Stone Arrow                    Conjuration/Earth            3
   e - Petrify                        Transmutation/Earth          4
   f - Lee's Rapid Deconstruction     Earth                        5
 b - the Disquisition on Lightness

   Spells                             Type                      Level
   a - Shock                          Conjuration/Air              1
   b - Flight                         Charms/Air                   3
 c - the Disquisition on Companions

   Spells                             Type                      Level
   a - Summon Small Mammal            Summoning                    1
   b - Call Canine Familiar           Summoning                    3
Comestibles
 f - 2 bread rations
 p - a meat ration
 r - 2 fruits


   Skills:
 - Level 2.8 Fighting
 - Level 1.0 Throwing
 - Level 1.7 Dodging
 + Level 2.4 Spellcasting
 - Level 2.4 Transmutations
 + Level 2.2 Earth Magic
   Level 1.0 Poison Magic
 - Level 1.0 Evocations


You had 4 spell levels left.
You knew the following spells:

 Your Spells              Type           Power        Failure   Level  Hunger
a - Sandblast             Erth           #.....       12%         1    ##.....
b - Stoneskin             Trmt/Erth      #.......     17%         2    ###....


Dungeon Overview and Level Annotations

Branches:
Dungeon (3/15)

Altars:
Fedhas


Innate Abilities, Weirdness & Mutations

You are resistant to torment.
You are immune to poison.
Your stone body is very resilient (AC +3).
You resist negative energy.
You are resistant to electric shocks.
You can survive without breathing.
You are immune to petrification.
You are immune to rotting.


Message History

The bat barely misses you. The adder bites you.
* * * LOW HITPOINT WARNING * * *
Throwing (i - inventory. (,) - cycle):
j - a throwing net (quivered)
Press: ? - help, Shift-Dir - straight line, f - adder
Aim: an adder (moderately wounded)
You throw a throwing net. The throwing net hits the adder.
The adder is caught in the net!
The adder is moderately wounded.
The bat completely misses you.
The adder struggles to escape the net.
The bat closely misses you.
You hit the adder.
The adder is moderately wounded.
The bat barely misses you.
The adder struggles to escape the net.
The adder struggles against the net.
You hit the adder.
The adder is heavily wounded.
The bat closely misses you.
The adder struggles against the net.
The gnoll hits you from afar with a spear.
You die...
Fedhas appreciates your contribution to the ecosystem.

#.##.##.....#
#.##.##.###.#
#.##....# #.#
#.#####.###.#
#.# ###.....##
.............#
(.w ##.##.##g#
... #. #. #b#
#. #@#
#.##.##S#
#..%....#
####.#### #


You could see a gnoll, an adder (caught) and a bat.

Vanquished Creatures
  A gnoll (D:3)
  2 worms (D:2)
  4 giant geckos (D:2)
  3 orcs (D:3)
  2 ball pythons
  3 giant cockroaches
  4 goblins
  6 hobgoblins
  4 quokkas
  4 bats (D:2)
  3 giant newts
  4 jackals (D:2)
  6 kobolds
  7 rats
53 creatures vanquished.

Vanquished Creatures (others)
  A toadstool (D:3)
1 creature vanquished.

Grand Total: 54 creatures vanquished

Notes
Turn   | Place    | Note
--------------------------------------------------------------
     0 | D:1      | esc, the Gargoyle Wanderer, began the quest for the Orb.
     0 | D:1      | esc set off with: a book of Geomancy, the Disquisition on Lightness, the Disquisition on Companions, a +0 robe, a +0 club, a bread ration
     0 | D:1      | Reached XP level 1. HP: 12/12 MP: 2/2
     0 | D:1      | Identified the Disquisition on Lightness
     0 | D:1      | Identified the Disquisition on Companions
     2 | D:1      | Learned a level 1 spell: Sandblast
   400 | D:1      | Reached XP level 2. HP: 18/18 MP: 3/3
   481 | D:1      | Learned a level 2 spell: Stoneskin
   973 | D:2      | Reached XP level 3. HP: 20/22 MP: 4/4
  2045 | D:2      | Reached skill level 1 in Earth Magic
  2141 | D:2      | Reached XP level 4. HP: 20/27 MP: 1/7
  2750 | D:3      | Found a blossoming altar of Fedhas.
  2772 | D:3      | Became a worshipper of Fedhas Madash
  2921 | D:3      | HP: 1/27 [adder (1)]
  2924 | D:3      | Slain by a gnoll

Action                   |  1- 3 |  4- 6 || total
-------------------------+-------+-------++-------
Melee: Club              |    36 |       ||    36
       Whip              |   166 |    91 ||   257
Throw: Throwing net      |       |     1 ||     1
 Cast: Sandblast         |    14 |     7 ||    21
       Stoneskin         |       |     1 ||     1
  Use: Scroll            |     6 |     4 ||    10
       Potion            |     1 |     5 ||     6
  Eat: Chunk             |     5 |     1 ||     6
       Fruit             |       |     1 ||     1
